 Dungeon Crawl Stone Soup version 0.31-a0-277-g31ea1f65cc (webtiles) character file.

Game seed: 14129366879021465674

2062 Newt the Fighter (level 9, -2/74 HPs)
             Began as a Demonspawn Gladiator on July 15, 2023.
             Was a Follower of Okawaru.
             Slain by Maggie
             ... wielding a +0 scimitar
              (8 damage)
             ... on level 7 of the Dungeon.
             The game lasted 00:10:31 (10749 turns).

Newt the Fighter (Demonspawn Gladiator)            Turns: 10749, Time: 00:10:32

Health: -2/74      AC:  9    Str: 18    XL:     9   Next: 5%
Magic:  9/9        EV: 13    Int:  9    God:    Okawaru [*.....]
Gold:   449        SH:  0    Dex: 16    Spells: 8/8 levels left

rFire   . . .        e - +1 short sword (speed)
rCold   . . .        (no shield)
rNeg    . . .        b - +0 leather armour
rPois   .            c - +0 helmet
rElec   +            (no cloak)
rCorr   .            t - +0 pair of gloves
SInv    .            (no boots)
Will    .....        (no amulet)
Stlth   ++           (no ring)
HPRegen 0.32/turn    (no ring)
MPRegen 0.11/turn

%: no passive effects
@: mesmerised
A: claws 1, thin metallic scales 3
a: Renounce Religion, Heroism


You were on level 7 of the Dungeon.
You worshipped Okawaru.
Okawaru was aware of your devotion.
You visited 1 branch of the dungeon, and saw 7 of its levels.
You also visited: Sewer.

You collected 449 gold pieces.

Inventory:

Hand Weapons
 a - a +1 rapier of flaming
 e - a +1 short sword of speed (weapon)
Missiles
 g - 2 poisoned darts
 h - a javelin
 y - an atropa-tipped dart
Armour
 b - a +0 leather armour (worn)
 c - a +0 helmet (worn)
 t - a +0 pair of gloves (worn)
 x - a +0 tower shield
Jewellery
 v - an amulet of magic regeneration
Scrolls
 j - 3 scrolls of blinking
 m - 6 scrolls of teleportation
 o - 3 scrolls of enchant weapon
 r - a scroll of silence
 s - 2 scrolls of fog
 w - a scroll of fear {unknown}
Potions
 f - a potion of magic
 k - 2 potions of attraction
 l - 2 potions of mutation
 n - 8 potions of enlightenment
 p - 2 potions of haste {unknown}
 q - a potion of might {unknown}
 u - a potion of resistance {unknown}


   Skills:
 - Level 8.0 Fighting
 - Level 4.0 Short Blades
 + Level 4.7 Throwing
 - Level 4.0 Armour
 - Level 4.0 Dodging
 - Level 2.0 Stealth
 - Level 3.0 Evocations


You had 8 spell levels left.
You didn't know any spells.
Your spell library contained the following spells:

 Spells                   Type           Power      Damage    Failure   Level
 Sandblast                Erth           0%         2d4       43%         1
 Slow                     Hex            0%         N/A       43%         1
 Passwall                 Tmut/Erth      0%         N/A       58%         2
 Static Discharge         Conj/Air       0%         2-2/arc   58%         2
 Confusing Touch          Hex            0%         N/A       82%         3
 Stone Arrow              Conj/Erth      0%         3d7       82%         3
 Vampiric Draining        Necr           0%         2d6       82%         3
 Airstrike                Air            0%         2d(0-16)  99%         4
 Summon Lightning Spire   Summ/Air       Unusable   N/A       N/A         4
 Malign Gateway           Summ/Tloc      Unusable   N/A       N/A         7
 Summon Horrible Things   Summ           Unusable   N/A       N/A         8

Dungeon Overview and Level Annotations

Branches:
Dungeon (7/15)              Sewer (visited)
 Temple: D:4-7

Altars:
Cheibriados
Fedhas
Kikubaaqudgha
Okawaru
Qazlal
Uskayaw
Wu Jian
Xom
Yredelemnul

Shops:
D:3 :

Annotations:
D:7 Maggie


Innate Abilities, Weirdness & Mutations

You have sharp fingernails.
You are completely covered in thin metallic scales. (AC +4, rElec)


Message History

Maggie is heavily wounded.
Aiming: Quicksilver Bolt
Press: ? - help, Shift-Dir - straight line, f/p - Maggie
Aim: Maggie, wielding a +0 scimitar and wearing +0 acid dragon scales (heavily wounded, entangled in a net, 100% to hit)
The bolt of dispelling energy hits Maggie!!
Maggie is almost dead.
The now-empty wand crumbles to dust.
You hit Maggie but do no damage.
Maggie is almost dead.
Maggie casts a spell.
Maggie attempts to bespell you!
You are mesmerised by Maggie!
Maggie struggles against the net.
The net rips apart, and Maggie comes free!
You hit Maggie but do no damage.
Maggie is almost dead.
Unknown command.
You closely miss Maggie.
Maggie is almost dead.
Unknown command.
You hit Maggie but do no damage.
Maggie is almost dead.
Unknown command.
You barely miss Maggie.
Maggie is almost dead.
Maggie points at you and mumbles some strange words.
The bolt of fire hits you!!
* * * LOW HITPOINT WARNING * * *
Unknown command.
Okay, then.
Okay, then.
Throw: 2 darts (atropa)
Press: ? - help, Shift-Dir - straight line, f/p - Maggie
Aim: Maggie, wielding a +0 scimitar and wearing +0 acid dragon scales (almost dead, mesmerising, 64% to hit, chance to blind on hit: 63%)
You throw an atropa-tipped dart. The atropa-tipped dart hits Maggie!
Maggie resists.
Maggie is almost dead.
Maggie says, "Fear not.
I will immortalize you in the tale of my first kill."
Maggie hits you with a +0 scimitar!
You die...

#######
#########.....#
.......<'.....#
........#.....+
........#.....#
#########...@.#
.........@.....#
...............#
.....^..........#
.?...........<..#
................#
......#####......
..... .....#


You could see Maggie (mesmerising).

Vanquished Creatures
  Sigmund (D:6)
  Eustachio (D:6)
  Menkaure (D:4)
  An ice beast (D:6)
  3 sky beasts
  2 ogres
  Blork the orc (D:4)
  3 scorpions
  3 hounds
  3 jellies
  An orc priest (D:6)
  5 orc wizards
  4 iguanas
  3 sleepcaps
  15 adders
  2 river rats (Sewer)
  A shadow imp (D:5)
  4 white imps (D:6)
  3 ufetubi
  3 worms
  3 dart slugs
  18 orcs
  6 endoplasms
  6 giant cockroaches
  8 goblins
  10 hobgoblins
  A jackal (Sewer)
  5 quokkas
  4 ball pythons
  13 bats
  3 frilled lizards
  7 kobolds
  4 rats
148 creatures vanquished.

Vanquished Creatures (others)
  An orc (D:3)
1 creature vanquished.

Grand Total: 149 creatures vanquished

Notes
Turn   | Place    | Note
-------+----------+-------------------------------------------
     0 | D:1      | Newt the Demonspawn Gladiator began the quest for the Orb.
     0 | D:1      | Reached XP level 1. HP: 16/16 MP: 1/1
   831 | D:2      | Gained mutation: You have sharp fingernails. [demonic
                  | ancestry]
   831 | D:2      | Reached XP level 2. HP: 22/23 MP: 2/2
   886 | D:2      | Reached skill level 3 in Fighting
  1175 | D:2      | Reached XP level 3. HP: 29/29 MP: 3/3
  1730 | D:2      | Reached skill level 4 in Fighting
  2010 | D:3      | Reached skill level 1 in Stealth
  2011 | D:3      | Found a glowing drain.
  2019 | Sewer    | Entered a sewer
  2041 | Sewer    | Reached XP level 4. HP: 33/37 MP: 4/4
  2583 | Sewer    | Reached XP level 5. HP: 27/42 MP: 5/5
  3276 | D:3      | Found a stormy altar of Qazlal.
  3319 | D:3      | Found Myffafy's Book Boutique.
  4016 | D:4      | Noticed a sky beast
  4045 | D:3      | Gained mutation: You are partially covered in thin metallic
                  | scales. (AC +2) [demonic ancestry]
  4045 | D:3      | Reached XP level 6. HP: 14/48 MP: 6/6
  4247 | D:4      | Killed a sky beast
  4505 | D:4      | Reached skill level 5 in Fighting
  4729 | D:4      | Noticed Blork the orc
  4752 | D:4      | Killed Blork the orc
  4753 | D:4      | Reached XP level 7. HP: 23/56 MP: 7/7
  5386 | D:4      | Noticed Menkaure
  5405 | D:4      | Killed Menkaure
  5406 | D:4      | Reached skill level 6 in Fighting
  5549 | D:4      | Found a hide-covered altar of Uskayaw.
  5647 | D:5      | Entered Level 5 of the Dungeon
  6772 | D:5      | Reached skill level 7 in Fighting
  6918 | D:5      | Gained mutation: You are mostly covered in thin metallic
                  | scales. (AC +3) [demonic ancestry]
  6918 | D:5      | Reached XP level 8. HP: 34/67 MP: 8/8
  7129 | D:5      | Found a blossoming altar of Fedhas.
  7385 | D:5      | Found a shimmering altar of Xom.
  7389 | D:5      | Found an ornate altar of the Wu Jian Council.
  7393 | D:5      | Found an ancient bone altar of Kikubaaqudgha.
  7394 | D:5      | Found a basalt altar of Yredelemnul.
  7396 | D:5      | Found an iron altar of Okawaru.
  7401 | D:5      | Found a snail-covered altar of Cheibriados.
  7644 | D:5      | Became a worshipper of Warmaster Okawaru
  8082 | D:6      | Reached skill level 8 in Fighting
  8103 | D:6      | Reached skill level 1 in Armour
  9242 | D:6      | Reached * piety under Okawaru
  9870 | D:6      | Noticed Eustachio
  9931 | D:6      | Killed Eustachio
 10293 | D:6      | Noticed Sigmund
 10314 | D:6      | Killed Sigmund
 10315 | D:6      | Gained mutation: You are completely covered in thin
                  | metallic scales. (AC +4, rElec) [demonic ancestry]
 10315 | D:6      | Reached XP level 9. HP: 57/74 MP: 9/9
 10711 | D:7      | Noticed Maggie
 10749 | D:7      | Slain by Maggie

Illustrated notes

Levels and vault maps discovered:
D:1:      sevenhm_arrival_forest_fort_large_4, layout_loops_ring,
          grunt_decor_fettered
D:2:      layout_loops_ring, st_stairs_4
D:3:      layout_loops_ring, nicolae_qazlal_general_emergency, serial_shops,
          shop, gup_sewer_entry_spiral
D:4:      layout_rooms, mainiacjoe_overflow_alcove_2, minmay_quantized,
          uniq_menkaure, uniq_blork_the_orc
D:5:      layout_loops_ring, nicolae_overflow_hallway_of_the_gods,
          minmay_misc_feat_nine_boxes
D:6:      layout_basic, uniq_sigmund, uniq_eustachio
D:7:      hellmonk_destroyed_diamonds, layout_gridville,
          evilmike_ruin_ashenzari, minmay_temple_entry_stoned_glass, uniq_maggie

Skill      XL: |  1  2  3  4  5  6  7  8 |
---------------+-------------------------+-----
Fighting       | 3 4 5 7 8 |  8.0
Stealth        | 1 2 |  2.0
Short Blades   | 3 4 |  4.0
Dodging        | 3 4 |  4.0
Evocations     | 3 |  3.0
Armour         | 4 |  4.0
Throwing       | 4 |  4.7

Action                     |  1- 3 |  4- 6 |  7- 9 || total
---------------------------+-------+-------+-------++-------
  Melee: Rapier            |   151 |   299 |       ||   450
         Punch             |       |     2 |     9 ||    11
         Short sword       |       |    20 |   719 ||   739
  Throw: Throwing net      |     1 |     2 |     6 ||     9
         Javelin           |       |     3 |     3 ||     6
         Dart              |       |       |     7 ||     7
  Evoke: Wand              |       |       |     8 ||     8
    Use: Scroll            |     5 |     6 |     3 ||    14
         Potion            |     1 |     3 |       ||     4
   Stab: Sleeping          |     1 |     1 |       ||     2
         Held in net/web   |     1 |       |     6 ||     7
 Armour: Leather armour    |    36 |   138 |   152 ||   326
  Dodge: Dodged            |    96 |   252 |   235 ||   583

Table legend: (Time is in decaauts)
 A = Elapsed time spent in this place.
 B = Non-inter-level travel time spent in this place.
 C = Inter-level travel time spent in this place.
 D = Time resting spent in this place.
 E = Time spent auto-exploring this place.
 F = Levels seen in this place.
 G = Mean time per level.
                   A        B        C        D        E       F      G
               +--------+--------+--------+--------+--------+-----+--------+
         Total |  10587 |  10341 |    246 |   4790 |   3901 |   8 | 1323.4 |
       Dungeon |   9380 |   9134 |    246 |   4348 |   3402 |   7 | 1340.0 |
         Sewer |   1207 |   1207 |      0 |    442 |    499 |   1 | 1207.0 |
               +--------+--------+--------+--------+--------+-----+--------+

Top non-repeatable levels by time:
     D:6: 2840 daAuts
     D:5: 1924 daAuts
     D:4: 1404 daAuts
     D:3: 1253 daAuts
   Sewer: 1207 daAuts
     D:2: 1107 daAuts
     D:1: 825 daAuts
     D:7: 24 daAuts
